Map: Ulrena

Players

LilDicky - Winner!

  • Race: Terran Terran
  • League: Diamond

PaRaDoX

  • Race: Protoss Protoss
  • League: Diamond

VOD

http://www.twitch.tv/tumescentpie

Description

Time

  • Played on: Dec. 31, 2015, 3:29 p.m.
  • Length: 4:14
Show
View Real Time Build Order
Export as new Build Order

LilDicky Terran - Winner!

Build Orders: 1/1/1 

Get SALT Encoding   

  12  0:01  SCV  
  13  0:13  SCV  
  14  0:17  Supply Depot  
  14  0:26  SCV  
  15  0:36  Refinery  
  15  0:39  SCV  
  16  0:51  Barracks  
  16  0:57  SCV  
  17  1:09  SCV  
  18  1:21  SCV  
  19  1:33  SCV  
  20  1:40  Factory, Marine  
  20  1:41  Supply Depot  
  20  1:45  Orbital Command  
  21  1:52  Refinery  
  21  2:05  Marine  
  22  2:11  SCV  
  23  2:23  SCV  
  23  2:26  Starport  
  23  2:28  Marine  
  25  2:35  SCV  
  25  2:59  Marine  
  25  3:01  Widow Mine  
  25  3:05  Starport Tech Lab  
  27  3:07  Barracks  
  27  3:10  SCV  
  27  3:12  Barracks  
  28  3:22  SCV  
  28  3:26  Supply Depot  
  28  3:27  Barracks Tech Lab  
  29  3:30  Widow Mine  
  31  3:47  Marine  
  34  3:48  Supply Depot  
  34  3:50  SCV  
  35  3:58  Barracks Tech Lab  
  35  4:02  Barracks Reactor  
Show
View Real Time Build Order
Export as new Build Order

PaRaDoX Protoss 

Build Orders: 1 Gate Expand 

Get SALT Encoding   

  12  0:00  Probe (Chrono Boost)  
  13  0:11  Probe (Chrono Boost)  
  14  0:18  Pylon  
  14  0:22  Probe (Chrono Boost)  
  15  0:36  Probe (Chrono Boost)  
  15  0:39  Gateway  
  16  0:43  Assimilator  
  16  0:47  Probe (Chrono Boost)  
  17  0:57  Probe (Chrono Boost)  
  18  1:09  Probe (Chrono Boost)  
  19  1:20  Nexus  
  19  1:37  Cybernetics Core  
  19  1:39  Probe (Chrono Boost)  
  20  1:47  Pylon  
  20  1:50  Probe (Chrono Boost)  
  21  1:56  Assimilator  
  21  2:01  Probe (Chrono Boost)  
  22  2:11  Probe (Chrono Boost)  
  22  2:14  Adept  
  27  2:23  Mothership Core (Chrono Boost)  
  27  2:45  Probe x2 (Chrono Boost)  
  29  2:54  Adept  
  29  2:55  Probe x2 (Chrono Boost)  
  33  2:58  Twilight Council  
  33  3:07  Probe x2 (Chrono Boost)  
  33  3:11  Pylon  
  35  3:18  Probe (Chrono Boost)  
  36  3:21  Sentry  
  36  3:24  Probe (Chrono Boost)  
  39  3:33  Probe (Chrono Boost)  
  39  3:41  Probe (Chrono Boost)  
  39  3:45  Probe (Chrono Boost)  
  41  3:49  Robotics Facility  
  41  3:52  Probe (Chrono Boost)  
  42  3:56  Probe (Chrono Boost)  
  44  4:02  Probe (Chrono Boost)  
Tags
 
Add a new tag
Caveats
  • Supply blocks, unpowered buildings, or Contaminate may cause inaccurate times.
  • Supply counts are checked every 10 seconds.